 Dungeon Crawl Stone Soup version 0.29-a0-789-g7a8fcbc185 (webtiles) character file.

Game seed: 1604472682856091949

97377 quinnr the Stormcaller (level 16, -1/99 HPs)
             Began as a Tengu Air Elementalist on July 2, 2022.
             Was a High Priest of Vehumet.
             Slain by an eight-headed hydra (13 damage)
             ... on level 2 of the Swamp.
             The game lasted 01:30:07 (38409 turns).

quinnr the Stormcaller (Tengu Air Elementalist)    Turns: 38409, Time: 01:30:07

Health: -1/99      AC: 15    Str:  9    XL:     16   Next: 19%
Magic:  1/33       EV: 23    Int: 22    God:    Vehumet [*****.]
Gold:   1063       SH:  0    Dex: 16    Spells: 9/39 levels left

rFire   + + +      SeeInvis .   N - +3 Elemental Staff {rElec rF++ rC++ AC+5}
rCold   + + .      Faith    .   (no shield)
rNeg    . . .      Spirit   .   X - +2 robe {Archmagi}
rPois   .          Reflect  .   Z - +0 hat
rElec   +          Harm     .   x - +2 cloak {rF+}
rCorr   +          Rampage  .   Y - +1 pair of gloves
Will    ++...      Archmagi +   (boots unavailable)
Stlth   ++++......              a - amulet of the acrobat
HPRegen 0.26/turn               P - ring of resist corrosion
MPRegen 0.23/turn               E - ring of willpower

@: flying quickly and evasively, quick
A: beak, talons 3, nimble flight
a: Renounce Religion


You were on level 2 of the Swamp.
You worshipped Vehumet.
Vehumet was extremely pleased with you.
You visited 5 branches of the dungeon, and saw 23 of its levels.
You also visited: Bailey and Volcano.

You collected 2292 gold pieces.
You spent 1229 gold pieces at shops.

Inventory:

Hand Weapons
 p - a +1 sling of venom
 N - the +3 Elemental Staff (weapon) {rElec rF++ rC++ AC+5}
   (You acquired it on level 8 of the Dungeon)

   If the wielder is skilled in Evocations, they can discharge powerful blasts
   of elemental energy when striking with it.
   It enhances your fire, ice, earth and air magic.
   AC:        It affects your AC (+5).
   rF:        It greatly protects you from fire.
   rC:        It greatly protects you from cold.
   rElec:     It insulates you from electricity.
Missiles
 d - 58 poisoned darts
 s - 17 curare-tipped darts
 v - 10 throwing nets
Armour
 x - a +2 cloak of fire resistance (worn)
 G - a +2 robe of willpower
 X - a +2 robe of the Archmagi (worn)
 Y - a +1 pair of gloves (worn)
 Z - a +0 hat (worn)
Magical Staves
 e - a staff of death
 H - a staff of conjuration
 O - a staff of air
Jewellery
 a - an amulet of the acrobat (around neck)
 c - a ring of protection from cold
 u - a ring of protection from cold
 w - a ring of ice
 y - an amulet of faith
 E - a ring of willpower (right hand)
 P - a ring of resist corrosion (left hand)
 W - a ring of protection from fire
Wands
 B - a wand of polymorph (27)
 F - a wand of flame (38)
 I - a wand of iceblast (28)
 J - a wand of mindburst (10)
 K - a wand of light (7)
 R - a wand of charming (19)
Scrolls
 b - 4 scrolls of fear
 g - 7 scrolls of teleportation
 i - 5 scrolls of immolation
 l - 3 scrolls of amnesia
 n - 2 scrolls of enchant weapon
 q - 2 scrolls of magic mapping
 r - 3 scrolls of fog
 t - 3 scrolls of blinking
 D - 3 scrolls of brand weapon
 L - 3 scrolls of vulnerability
 Q - a scroll of torment
 S - 3 scrolls of silence
Potions
 f - 7 potions of curing
 h - a potion of berserk rage
 j - a potion of lignification
 k - 4 potions of brilliance
 m - 2 potions of cancellation
 o - 7 potions of heal wounds
 z - 3 potions of invisibility
 A - 4 potions of might
 C - 3 potions of mutation
 M - 5 potions of haste
 V - 6 potions of attraction
Miscellaneous
 T - a tin of tremorstones (2/2)
 U - a phantom mirror (inert)


   Skills:
 + Level 10.9 Fighting
 - Level 6.0 Armour
 + Level 13.6 Dodging
 - Level 8.0 Stealth
 + Level 12.3 Spellcasting
 - Level 8.0 Conjurations
 - Level 4.0 Transmutations
 - Level 4.0 Fire Magic
 + Level 17.6 Air Magic
 - Level 7.0 Poison Magic
 - Level 4.0 Evocations


You had 9 spell levels left.
You knew the following spells:

 Your Spells              Type           Power      Damage    Failure   Level
a - Shock                 Conj/Air       100%       1d9       1%          1
b - Static Discharge      Conj/Air       100%       3-16/arc  1%          2
c - Airstrike             Air            58%        0-18+     1%          4
d - Poisonous Vapours     Pois/Air       100%       N/A       1%          2
e - Mephitic Cloud        Conj/Pois/Air  95%        N/A       1%          3
f - Freezing Cloud        Conj/Ice/Air   53%        6-21      1%          5
g - Conjure Ball Lightni  Conj/Air       51%        3x3d18    1%          6
h - Olgreb's Toxic Radia  Pois           61%        N/A       1%          4
i - Ignite Poison         Fire/Tmut/Pois 68%        N/A       1%          3

Your spell library contained the following spells:

 Spells                   Type           Power      Damage    Failure   Level
 Iron Shot                Conj/Erth      31%        9d6       34%         6
 Swiftness                Air            100%       N/A       0%          3
 Beastly Appendage        Tmut           92%        N/A       1%          1
 Scorch                   Fire           100%       2d10      1%          2
 Wereblood                Tmut           46%        N/A       1%          2
 Spider Form              Tmut/Pois      54%        N/A       1%          3
 Corpse Rot               Necr/Pois/Air  84%        N/A       1%          4
 Flame Wave               Conj/Fire      74%        2d13      1%          4
 Passwall                 Tmut/Erth      41%        N/A       3%          2
 Irradiate                Conj/Tmut      28%        3d22      3%          5
 Summon Small Mammal      Summ           80%        N/A       4%          1
 Frozen Ramparts          Ice            60%        1d8       4%          3
 Blink                    Tloc           40%        N/A       8%          2
 Sublimation of Blood     Necr           20%        N/A       8%          2
 Call Canine Familiar     Summ           20%        N/A       14%         3
 Lesser Beckoning         Tloc           20%        N/A       14%         3
 Ozocubu's Armour         Ice            30%        N/A       14%         3
 Portal Projectile        Hex/Tloc       40%        N/A       14%         3
 Summon Guardian Golem    Hex/Summ       20%        N/A       14%         3
 Alistair's Intoxication  Tmut/Pois      36%        N/A       14%         5
 Eringya's Noxious Bog    Tmut/Pois      27%        N/A       21%         6
 Petrify                  Tmut/Erth      50%        N/A       22%         4
 Orb of Destruction       Conj           32%        9d10      36%         7
 Animate Armour           Summ/Erth      60%        N/A       43%         4
 Cause Fear               Hex            10%        N/A       43%         4
 Leda's Liquefaction      Hex/Erth       15%        N/A       43%         4
 Borgnjor's Vile Clutch   Necr/Erth      15%        N/A       80%         5
 Manifold Assault         Tloc           20%        N/A       80%         5
 Metabolic Englaciation   Hex/Ice        15%        N/A       80%         5
 Statue Form              Tmut/Erth      33%        N/A       97%         6
 Simulacrum               Ice/Necr       15%        N/A       100%        6
 Summon Cactus Giant      Summ           10%        N/A       100%        6
 Dragon Form              Tmut           23%        N/A       100%        7
 Ozocubu's Refrigeration  Ice            15%        4d8       100%        7
 Summon Hydra             Summ           10%        N/A       100%        7
 Discord                  Hex            10%        N/A       100%        8
 Disjunction              Tloc           10%        N/A       100%        8
 Ignition                 Fire           31%        3d10      100%        8
 Lehudib's Crystal Spear  Conj/Erth      31%        10d8      100%        8
 Dragon's Call            Summ           10%        N/A       100%        9
 Polar Vortex             Ice            15%        N/A       100%        9


Dungeon Overview and Level Annotations

Branches:
Dungeon (12/15)            Temple (0/1) D:7            Lair (6/6) D:8
  Swamp (2/4) Lair:2       Spider (0/4) Lair:3        Slime (0/5) Lair:6
    Orc (2/2) D:12            Elf (1/3) Orc:2        Bailey (visited)
Volcano (visited)

Altars:
Ashenzari
Cheibriados
Dithmenos
Elyvilon
Fedhas
Nemelex Xobeh
Okawaru
Ru
Uskayaw
Vehumet
Wu Jian
Yredelemnul
The Shining One

Shops:
D:3 *   D:6 :   D:8 !   D:9 **   Orc:2 :**[:

Annotations:
D:9 2 transporters, zazu2006's ghost, novice NaHW
Orc:2 2 transporters, NateTC's ghost, journeyman HOFi


Innate Abilities, Weirdness & Mutations

You have a beak for a mouth.
You have claws for feet.
Your magical nature lets you fly swiftly and evasively.


Message History

The eight-headed hydra bites you.
Unknown command.
Casting: Airstrike (safe; 1% risk of failure)
Confirm with . or Enter, or press ? or * to list all spells.
You feel a strong surge of power!
The eight-headed hydra is struck by an arc of lightning.
The eight-headed hydra is heavily wounded.
You resist.
You are struck by an arc of lightning.
The eight-headed hydra is struck by an arc of lightning!
The eight-headed hydra is severely wounded.
You resist.
You are struck by an arc of lightning.
The eight-headed hydra is struck by an arc of lightning.
The eight-headed hydra is almost dead.
You resist.
You are struck by an arc of lightning.
* * * LOW HITPOINT WARNING * * *
The lightning grounds out.
The eight-headed hydra bites you but does no damage.
The eight-headed hydra closely misses you.
The eight-headed hydra bites you.
* * * LOW HITPOINT WARNING * * *
The eight-headed hydra bites you but does no damage.
The eight-headed hydra bites you.
* * * LOW HITPOINT WARNING * * *
The eight-headed hydra misses you. The eight-headed hydra bites you!
* * * LOW HITPOINT WARNING * * *
The eight-headed hydra closely misses you.
Unknown command.
Unknown command.
Casting: Static Discharge (safe; 1% risk of failure)
Confirm with . or Enter, or press ? or * to list all spells.
Aiming: Freezing Cloud (dangerous; 1% risk of failure)
Press: ? - help, Dir - move target, f/p - eight-headed hydra
Aim: an eight-headed hydra (almost dead)
You feel a huge surge of power! That beam is likely to hit you.
Continue anyway?
You are engulfed in freezing vapours.
You resist.
* * * LOW HITPOINT WARNING * * *
The eight-headed hydra is engulfed in freezing vapours.
The eight-headed hydra bites you!
You die...

.≈≈≈.≈♣........≈.♣♣.♣♣ ♣♣♣
≈≈≈≈≈♣..♣♣≈≈≈.≈≈.≈≈.≈♣♣♣♣♣.♣♣
.≈≈≈.≈≈.†♣≈§≈.♣♣..§.♣♣.♣♣≈..♣
.<≈♣♣♣♣♣♣.≈≈.≈♣...≈≈♣≈.≈♣♣≈♣♣
≈≈♣♣♣ ♣.≈≈≈..≈≈...≈..≈....♣
....♣♣♣ ♣.§≈≈.♣.♣♣[...≈≈....♣
.≈≈≈.≈♣♣♣♣≈§≈.♣♣♣.≈≈≈..§≈...♣
≈≈≈≈≈≈.♣♣♣≈.♣♣♣§.§......≈≈≈.♣
♣≈≈≈≈≈≈...♣♣*♣.≈@§§≈....≈≈.♣♣
♣.≈.≈≈≈.≈≈.♣*♣♣≈♣D§..≈§.....♣
≈♣≈≈♣♣♣♣.§.≈≈♣♣♣≈§§...≈...†≈♣
...♣♣ *♣♣♣♣♣♣♣...§....≈....♣
≈..♣ ♣≈.≈.≈..≈.≈≈.≈.♣ ≈..♣**
*♣♣.♣.♣.≈.≈≈...≈♣
.≈≈≈,********.≈♣.≈♣.≈≈.≈...≈♣
.≈≈,,,**≈≈≈≈≈≈≈≈≈≈♣≈≈≈≈.≈≈..♣
,≈≈≈,,≈≈≈≈≈≈.♣...§≈.♣.≈≈..≈≈♣


You could see an eight-headed hydra.

Vanquished Creatures
  An eleionoma (Swamp:1)
  2 spark wasps (Swamp:1)
  A bunyip (Swamp:2)
  Snorg (D:11)
  A fire dragon (Volcano)
  Fannar (D:11)
  A boulder beetle (Lair:4)
  A catoblepas (Lair:4)
  5 hydras
  Erolcha (D:11)
  A merfolk avatar (Lair:6)
  A ghost crab (Swamp:1)
  An alligator (Swamp:1)
  A centaur warrior (D:9)
  4 two-headed ogres
  9 death yaks
  3 orc high priests (Orc:2)
  4 goliath frogs (Swamp:1)
  A spriggan druid (Swamp:1)
  2 bog bodies (Swamp:2)
  2 sea snakes (Lair:6)
  3 swamp dragons
  A harpy (Lair:6)
  5 orc knights
  3 salamanders (Volcano)
  A will-o-the-wisp (Swamp:1)
  A wolf spider (Lair:3)
  A cyclops (Orc:2)
  7 orc sorcerers
  27 elephants
  3 black mambas (Lair:6)
  A manticore (Lair:6)
  11 cane toads
  5 torpor snails (Lair:1)
  Maggie (D:8)
  2 rime drakes (Lair:6)
  A kobold demonologist (D:11)
  14 komodo dragons
  7 trolls
  2 wind drakes (Lair:6)
  4 polar bears (Lair:6)
  2 bloated husks (Swamp:1)
  6 hornets
  7 saltlings (Orc:2)
  7 tyrant leeches
  23 blink frogs
  A snapping turtle (Lair:6)
  2 spriggans
  A jumping spider (Lair:3)
  10 wyverns
  Eustachio (D:4)
  2 culicivoras (Lair:3)
  A vampire (D:9)
  8 fire bats (Volcano)
  4 basilisks
  19 vampire mosquitoes
  Grum (Bailey)
  55 yaks
  7 steam dragons
  5 wargs
  5 swamp worms
  4 acid dragons
  13 water moccasins
  A swamp drake (Swamp:2)
  35 orc warriors
  A sky beast (D:8)
  3 black bears
  5 ogres
  4 centaurs
  21 wolves
  A phantom (D:6)
  15 bullfrogs
  3 kobold brigands
  7 gnoll sergeants
  3 necrophages
  5 scorpions
  8 wights
  3 killer bees (D:10)
  4 howler monkeys
  5 hounds
  30 orc priests
  2 jellies
  8 boudas
  Jessica (D:2)
  An iguana (D:7)
  Natasha (thrice) (D:4)
  38 orc wizards
  A statue (D:5)
  4 adders
  21 gnolls
  A white imp (D:12)
  An ufetubus (D:5)
  2 dart slugs
  115 orcs
  3 ball pythons
  6 endoplasms
  A giant cockroach (D:3)
  8 goblins
  3 hobgoblins
  2 jackals (D:2)
  A quokka (D:2)
  7 bats
  4 frilled lizards
  16 kobolds
  3 rats
  A pillar of salt (Orc:2)
735 creatures vanquished.

Vanquished Creatures (collateral kills)
  An orc warlord (Orc:2)
  A bog body (Lair:2)
2 creatures vanquished.

Vanquished Creatures (others)
  26 ball lightnings
  83 fungi
  12 pillars of salt (Orc:2)
  195 plants
316 creatures vanquished.

Grand Total: 1053 creatures vanquished

Notes
Turn   | Place    | Note
-------+----------+-------------------------------------------
     0 | D:1      | quinnr the Tengu Air Elementalist began the quest for the
                  | Orb.
     0 | D:1      | Reached XP level 1. HP: 10/10 MP: 4/4
   245 | D:1      | Reached XP level 2. HP: 12/15 MP: 0/6
   375 | D:1      | Found a faded altar of an unknown god.
   546 | D:1      | Reached skill level 5 in Air Magic
   994 | D:2      | Noticed a phantom
  1055 | D:2      | Noticed Jessica
  1064 | D:2      | Killed Jessica
  1065 | D:2      | Reached skill level 6 in Air Magic
  1065 | D:2      | Reached XP level 3. HP: 10/19 MP: 3/7
  1375 | D:2      | Reached XP level 4. HP: 24/24 MP: 4/8
  1786 | D:2      | Learned a level 2 spell: Static Discharge
  1791 | D:2      | Learned a level 4 spell: Airstrike
  1926 | D:3      | Reached skill level 1 in Fighting
  1989 | D:3      | HP: 2/25 [something (1)]
  1992 | D:3      | Gained mutation: Your magical nature lets you fly swiftly
                  | and evasively. [Tengu growth]
  1992 | D:3      | Reached XP level 5. HP: 2/29 MP: 3/10
  2373 | D:3      | Reached skill level 7 in Air Magic
  2496 | D:3      | Reached XP level 6. HP: 30/34 MP: 8/11
  2556 | D:3      | Found Fash's General Store.
  2611 | D:3      | Bought a potion of curing for 42 gold pieces
  3043 | D:3      | Reached skill level 8 in Air Magic
  3346 | D:4      | Noticed Natasha
  3347 | D:4      | Killed Natasha
  3412 | D:4      | Noticed Eustachio
  3426 | D:4      | Killed Eustachio
  3427 | D:4      | Reached XP level 7. HP: 33/38 MP: 3/13
  3805 | D:4      | Reached skill level 9 in Air Magic
  3867 | D:4      | Noticed Natasha
  3885 | D:4      | Killed Natasha
  4111 | D:4      | Noticed Natasha
  4117 | D:4      | Killed Natasha
  4540 | D:5      | Entered Level 5 of the Dungeon
  4558 | D:5      | Reached XP level 8. HP: 43/43 MP: 8/15
  5039 | D:5      | Found a broken altar of Ashenzari.
  5055 | D:5      | Identified the +1 leather armour of Foago {-Tele rElec
                  | rC+++ Str-4}
  5108 | D:5      | Found a shadowy altar of Dithmenos.
  5110 | D:5      | Found a white marble altar of Elyvilon.
  5112 | D:5      | Found a hide-covered altar of Uskayaw.
  5112 | D:5      | Found a basalt altar of Yredelemnul.
  5114 | D:5      | Found an ornate altar of the Wu Jian Council.
  5203 | D:5      | Reached skill level 5 in Dodging
  5203 | D:5      | Reached skill level 10 in Air Magic
  5425 | D:5      | Found a glowing golden altar of the Shining One.
  5573 | D:5      | Found a radiant altar of Vehumet.
  5627 | D:5      | Reached skill level 5 in Spellcasting
  5904 | D:5      | Became a worshipper of Vehumet
  6123 | D:6      | Reached skill level 11 in Air Magic
  6499 | D:6      | Reached XP level 9. HP: 48/48 MP: 8/17
  6716 | D:6      | Reached * piety under Vehumet
  6716 | D:6      | Offered knowledge of Freeze by Vehumet.
  7187 | D:6      | Found Kad Wob's Tremendous Tomes.
  7528 | D:7      | Found a flagged portal.
  7542 | Bailey   | Entered a bailey
  7710 | Bailey   | Reached skill level 12 in Air Magic
  7847 | Bailey   | Offered knowledge of Poisonous Vapours by Vehumet.
  8073 | Bailey   | Learned a level 2 spell: Poisonous Vapours
  8216 | Bailey   | Noticed Grum
  8229 | Bailey   | Killed Grum
  8264 | Bailey   | Reached ** piety under Vehumet
  9238 | Bailey   | Reached XP level 10. HP: 41/56 MP: 13/20
  9532 | D:7      | Reached skill level 13 in Air Magic
  9994 | D:7      | Found a staircase to the Ecumenical Temple.
 10337 | D:8      | Offered knowledge of Mephitic Cloud by Vehumet.
 10525 | D:8      | Learned a level 3 spell: Mephitic Cloud
 10580 | D:7      | Reached *** piety under Vehumet
 10778 | D:8      | Found a staircase to the Lair.
 10881 | D:8      | Reached skill level 1 in Poison Magic
 11078 | D:8      | Found Bylero Duekk's Distillery.
 11245 | D:8      | Identified a scroll of acquirement
 11255 | D:8      | Acquired a staff of conjuration
 11280 | D:8      | Found a sparkling altar of Nemelex Xobeh.
 11351 | D:8      | Found an iron altar of Okawaru.
 11369 | D:8      | Acquired the +3 Elemental Staff {rElec rF++ rC++ AC+5}
 11369 | D:8      | Found the +3 Elemental Staff {rElec rF++ rC++ AC+5}
 11399 | D:8      | Noticed Maggie
 11406 | D:8      | Killed Maggie
 11549 | D:8      | Found a sacrificial altar of Ru.
 11550 | D:8      | quinnr: ??elemental staff
 11550 | D:8      | beem: elemental staff[1/4]: A +3 {magical staff} with
                  | {rElec rF++ rC++ MR++ AC+5}. It independently enhances the
                  | elemental schools, applying twice for schools with two
                  | elements. On melee attacks, rolls two (evocations/27)
                  | checks, and if either succeeds, it does an extra 10-24
                  | damage that randomly checks one of rF, rC, rElec, AC.
 11550 | D:8      | quinnr: [2
 11550 | D:8      | quinnr: ??[2
 11550 | D:8      | quinnr: ??[3
 11550 | D:8      | quinnr: ??[4
 11550 | D:8      | quinnr: ??[5
 11550 | D:8      | quinnr: ??elemental staff[2
 11550 | D:8      | beem: elemental staff[2/4]: Calculate your trigger chances
                  | http://anydice.com/program/52e7 here.
 11550 | D:8      | quinnr: ??elemental staff[3
 11550 | D:8      | beem: elemental staff[3/4]: Prior to 0.25, it didn't
                  | enhance elemental spells. Prior to 0.14, it was a +3, +1
                  | quarterstaff that randomly applied one of {flaming},
                  | {freezing}, {electrocution}, or {vorpal} brands. It also
                  | didn't provide {rElec} and had {*Noise}.
 11550 | D:8      | quinnr: ??elemental staff[4
 11550 | D:8      | beem: elemental staff[4/4]: that's like the ultimate sky
                  | weapon
 11550 | D:8      | quinnr: ??elemental staff[5
 11550 | D:8      | beem: I don't have a page labeled elemental_staff[5] in my
                  | learndb.
 11620 | D:9      | Found a transporter.
 11628 | D:9      | Found a transporter.
 11630 | D:9      | Noticed a moth of wrath
 11630 | D:9      | Noticed zazu2006's ghost (novice NaHW)
 11672 | D:9      | Found Kanimiw's Assorted Antiques.
 11835 | D:9      | Offered knowledge of Fulminant Prism by Vehumet.
 11836 | D:9      | Reached skill level 1 in Evocations
 12038 | D:9      | Reached XP level 11. HP: 49/61 MP: 1/23
 12613 | D:9      | Reached skill level 14 in Air Magic
 12832 | D:9      | Noticed a centaur warrior
 12840 | D:9      | Killed a centaur warrior
 13088 | D:9      | Found Gilec's General Store.
 13168 | D:9      | Found an ornate altar of the Wu Jian Council.
 13281 | D:10     | Entered Level 10 of the Dungeon
 13564 | D:10     | Reached **** piety under Vehumet
 13873 | D:10     | Offered knowledge of Freezing Cloud by Vehumet.
 13898 | D:9      | Learned a level 5 spell: Freezing Cloud
 14137 | D:10     | Found a blossoming altar of Fedhas.
 15013 | Lair:1   | Entered Level 1 of the Lair of Beasts
 15292 | Lair:1   | Reached skill level 15 in Air Magic
 15299 | Lair:1   | Learned a level 6 spell: Conjure Ball Lightning
 16190 | Lair:1   | Reached skill level 5 in Conjurations
 16434 | Lair:1   | Reached XP level 12. HP: 66/66 MP: 10/25
 16455 | Lair:1   | Reached ***** piety under Vehumet
 16455 | Lair:1   | Offered knowledge of Olgreb's Toxic Radiance by Vehumet.
 16636 | Lair:1   | Found a snail-covered altar of Cheibriados.
 18351 | Lair:2   | Learned a level 4 spell: Olgreb's Toxic Radiance
 18558 | Lair:2   | Reached skill level 10 in Dodging
 19045 | Lair:2   | Reached skill level 16 in Air Magic
 19562 | Lair:2   | Found a staircase to the Swamp.
 19846 | D:11     | Noticed a six-headed hydra
 19849 | D:11     | Noticed Erolcha
 20003 | D:6      | Bought the Compendium of Moulding and Clay for 770 gold
                  | pieces
 20007 | D:6      | Learned a level 3 spell: Ignite Poison
 20190 | D:11     | Killed a six-headed hydra
 20191 | D:11     | Reached skill level 1 in Fire Magic
 20266 | D:10     | Reached skill level 1 in Transmutations
 20266 | D:10     | Reached skill level 5 in Poison Magic
 20575 | D:11     | Reached skill level 5 in Fighting
 20687 | D:11     | Killed Erolcha
 20799 | D:11     | Noticed Fannar
 21077 | D:11     | Killed Fannar
 21078 | D:11     | Reached XP level 13. HP: 72/72 MP: 9/27
 21385 | D:11     | Noticed Snorg
 21391 | D:11     | Killed Snorg
 21655 | D:12     | Found a staircase to the Orcish Mines.
 21816 | Orc:1    | Entered Level 1 of the Orcish Mines
 22176 | Orc:1    | Offered knowledge of Fireball by Vehumet.
 22639 | Orc:2    | Entered Level 2 of the Orcish Mines
 22650 | Orc:2    | Noticed an ettin
 22650 | Orc:2    | Noticed an orc warlord
 22653 | Orc:2    | Noticed NateTC's ghost (journeyman HOFi)
 23810 | Orc:2    | Found a transporter.
 23823 | Orc:2    | Found a transporter.
 24382 | Orc:2    | Found Yska's Self-Improvement Boutique.
 24457 | Orc:2    | Reached skill level 10 in Spellcasting
 24991 | Orc:1    | Offered knowledge of Irradiate by Vehumet.
 25979 | Orc:2    | Found a staircase to the Elven Halls.
 25996 | Elf:1    | Entered Level 1 of the Elven Halls
 26290 | Orc:2    | Found Abegiost's Book Shoppe.
 26340 | Orc:2    | Noticed an orc warlord
 26373 | Orc:2    | Killed an orc warlord
 26377 | Orc:2    | Reached XP level 14. HP: 64/82 MP: 3/29
 26750 | Orc:2    | Found Maogain's General Store.
 26755 | Orc:2    | Found Peoshrurolo's Antique Armour Shoppe.
 26761 | Orc:2    | Bought an embroidered scarf for 256 gold pieces
 26770 | Orc:2    | Bought a +1 pair of gloves for 161 gold pieces
 26863 | Orc:2    | Found Poaroydo's Assorted Antiques.
 27313 | Lair:3   | Reached skill level 1 in Armour
 28045 | Lair:3   | Found a hole to the Spider Nest.
 29164 | Lair:4   | Reached skill level 5 in Armour
 29753 | Lair:5   | Found a dark tunnel.
 29762 | Volcano  | Entered a volcano
 30719 | Volcano  | Reached skill level 5 in Stealth
 32224 | Lair:5   | Offered knowledge of Orb of Destruction by Vehumet.
 32225 | Lair:5   | Reached XP level 15. HP: 90/90 MP: 19/31
 33036 | Lair:6   | Entered Level 6 of the Lair of Beasts
 34964 | Lair:6   | Reached skill level 10 in Fighting
 35113 | Lair:6   | Reached skill level 17 in Air Magic
 35383 | Lair:6   | Found a staircase to the Slime Pits.
 35912 | Swamp:1  | Entered Level 1 of the Swamp
 36965 | Swamp:1  | Offered knowledge of Iron Shot by Vehumet.
 36966 | Swamp:1  | Reached XP level 16. HP: 96/98 MP: 11/33
 37281 | Swamp:1  | Identified the +1 scale mail of the Komodo Dragon {rPois}
 37406 | Swamp:1  | Got the Grimoire of Congealing Conjuration
 37741 | Swamp:1  | You are sucked into a shaft and drop 1 floor!
 38409 | Swamp:2  | Slain by an eight-headed hydra

Illustrated notes

Levels and vault maps discovered:
D:1:      dpeg_arrival_connections, layout_loops_ring,
          shapermc_ecumenical_altar_mp_ritualfount
D:2:      layout_basic, uniq_jessica
D:3:      layout_loops_cross, serial_shops, nicolae_square_shop,
          roderic_lattice_a
D:4:      layout_basic, kennysheep_generic_room_9, uniq_eustachio, uniq_natasha
D:5:      layout_basic, grunt_temple_overflow_open,
          mainiacjoe_overflow_chevrons, vehumet_statue,
          overflow_temple_1_default
D:6:      layout_cave_pools, nicolae_shop_i_like_big_books
D:7:      layout_loops_ring, minmay_temple_entry_hall, enter_bailey_3,
          dreamdust_mushroom_princess, palyth_stone_intersect
D:8:      layout_rooms, mainiacjoe_overflow_surrounded_room,
          nicolae_ru_the_path_less_chosen, mainiacjoe_overflow_small_starburst,
          erik_lair_orcish_takeover, serial_shops, kennysheep_little_box,
          uniq_maggie, uniq_grum
D:9:      layout_basic, serial_shops, kennysheep_mini, shop,
          gammafunk_ghost_berserking_beasts, minmay_ruined_shrine
D:10:     layout_rooms, fedhas_altar_3, special_room [special_room_orc],
          mrwooster_statue_mirror, minivault_25_ag
D:11:     layout_cave_pools, uniq_fannar, uniq_snorg, uniq_erolcha
D:12:     layout_stronghold, orc_0_dummy, serial_ice, serial_ice_f,
          serial_ice_d, serial_ice_j, serial_ice_c, serial_ice_g
Lair:1:   layout_concentric_octagons, serial_bayou_pond_d,
          kennysheep_snail_temple, serial_bayou_shore_a
Lair:2:   layout_roguey, swamp_mist, minivault_19, grunt_megastairs_2
Lair:3:   layout_regular_city, spider_nest_entry_funnel_web, lemuel_fruit_fields
Lair:4:   layout_roguey, hibernation_bobbens, serial_bayou_shore_b
Lair:5:   layout_layer_cave, enter_volcano_1, infiniplex_staircase_pool
Lair:6:   gammafunk_lair_ancient_temple, layout_hall_layers,
          dpeg_slime_entry_enclosed, serial_bayou_lagoon_a
Swamp:1:  layout_falls_marsh, nicolae_swamp_treefoil, swamp_pool1,
          nicolae_swamp_catching_bugs
Swamp:2:  nicolae_swamp_ascending_descending, layout_basic_swamp,
          evilmike_swamp_ruin_house_1, swamp_pool3, st_swamp_ruins_4
Orc:1:    layout_caves
Orc:2:    hellmonk_orc_salted, layout_caves, gammafunk_ghost_arena,
          nicolae_shop_self_help
Elf:1:    layout_geoelf_diagonals, serial_shops, shop, orc_legates, st_stairs_5,
          uniq_kirke, uniq_azrael, uniq_frances

Skill      XL: |  1  2  3  4  5  6  7  8  9 10 11 12 13 14 15 |
---------------+----------------------------------------------+-----
Air Magic      | 6 7 8 9 11 12 13 15 16 17 | 17.6
Fighting       | 1 4 5 7 9 10 | 10.9
Spellcasting   | 3 4 5 6 7 8 9 10 11 12 | 12.3
Dodging        | 4 5 7 8 9 10 11 12 13 | 13.6
Conjurations   | 4 5 8 |  8.0
Poison Magic   | 3 4 5 7 |  7.0
Evocations     | 2 4 |  4.0
Fire Magic     | 2 4 |  4.0
Transmutations | 2 4 |  4.0
Armour         | 6 |  6.0
Stealth        | 8 |  8.0

Action                   |  1- 3 |  4- 6 |  7- 9 | 10-12 | 13-15 | 16-18 || total
-------------------------+-------+-------+-------+-------+-------+-------++-------
Melee: Unarmed           |     1 |       |       |       |       |       ||     1
       Staff             |       |       |     3 |    13 |    17 |     1 ||    34
       Kick              |       |       |     1 |     5 |     8 |       ||    14
       Peck              |       |       |       |     3 |     5 |     1 ||     9
 Fire: Sling             |       |     4 |       |       |       |       ||     4
 Cast: Shock             |    47 |    94 |   245 |   146 |    85 |     3 ||   620
       Airstrike         |       |     2 |    32 |   164 |   215 |    27 ||   440
       Static Discharge  |       |       |    11 |    32 |    20 |     2 ||    65
       Poisonous Vapours |       |       |    37 |   116 |   132 |     9 ||   294
       Mephitic Cloud    |       |       |       |    10 |     9 |       ||    19
       Freezing Cloud    |       |       |       |     7 |    37 |     5 ||    49
       Ignite Poison     |       |       |       |     6 |   160 |    14 ||   180
       Olgreb's Toxic Ra |       |       |       |     3 |    66 |     4 ||    73
       Conjure Ball Ligh |       |       |       |       |    10 |     1 ||    11
Evoke: Wand              |       |       |       |     5 |     7 |     1 ||    13
       Phantom mirror    |       |       |       |     1 |     2 |       ||     3
  Use: Potion            |       |     1 |       |       |     1 |       ||     2
       Scroll            |       |     4 |     9 |    15 |     6 |     1 ||    35
Armor: Robe              |     3 |     4 |     3 |    19 |    33 |     8 ||    70
Dodge: Dodged            |     4 |     8 |    58 |   141 |   178 |    23 ||   412

Table legend: (Time is in decaauts)
 A = Elapsed time spent in this place.
 B = Non-inter-level travel time spent in this place.
 C = Inter-level travel time spent in this place.
 D = Time resting spent in this place.
 E = Time spent auto-exploring this place.
 F = Levels seen in this place.
 G = Mean time per level.
                   A        B        C        D        E       F      G
               +--------+--------+--------+--------+--------+-----+--------+
         Total |  36995 |  35292 |   1703 |   7178 |  22761 |  25 | 1479.8 |
       Dungeon |  15199 |  14326 |    873 |   2587 |   9649 |  12 | 1266.6 |
          Lair |  11789 |  11139 |    650 |   2531 |   7209 |   6 | 1964.8 |
         Swamp |   1694 |   1671 |     23 |    354 |    970 |   2 |  847.0 |
  Orcish Mines |   4628 |   4474 |    154 |   1286 |   2387 |   2 | 2314.0 |
   Elven Halls |    104 |    104 |      0 |    100 |      0 |   1 |  104.0 |
        Bailey |   1880 |   1880 |      0 |     42 |   1476 |   1 | 1880.0 |
       Volcano |   1698 |   1698 |      0 |    275 |   1067 |   1 | 1698.0 |
               +--------+--------+--------+--------+--------+-----+--------+

Top non-repeatable levels by time:
  Lair:1: 2967 daAuts
   Orc:2: 2739 daAuts
  Lair:5: 2407 daAuts
    D:10: 2227 daAuts
  Lair:2: 2169 daAuts
   Orc:1: 1889 daAuts
  Bailey: 1880 daAuts
     D:9: 1757 daAuts
  Lair:6: 1723 daAuts
 Volcano: 1698 daAuts
     D:3: 1639 daAuts
  Lair:4: 1440 daAuts
     D:8: 1391 daAuts
     D:5: 1380 daAuts
 Swamp:1: 1363 daAuts
